TOP OF THE 1ST |
Seattle Aviators batting - Pitching for Philadelphia 1776 BC : RHP Gonçalo Conxacha
|
Pitching: RHP Gonçalo Conxacha
|
|
Batting: RHB Lindsay Stewart
|
0-0: Bunted foul 0-1: Ball 1-1: SINGLE (Line Drive, 8LS)
|
Batting: RHB José Lozano
|
0-0: Called Strike 0-1: Ball 1-1: Grounds into double play, 6-4-3 (Groundball, 56)
|
Batting: RHB Brian Williams
|
0-0: Called Strike 0-1: Called Strike 0-2: SOLO HOME RUN (Flyball, 9D), Distance : 374 ft
|
Batting: RHB Craig Stewart
|
0-0: Ball 1-0: Ball 2-0: Ground out 6-3 (Groundball, 6)
|
Top of the 1st over - 1 run(s), 2 hit(s), 0 error(s), 0 left on base; Seattle 1 - Philadelphia 1776 0 |
BOTTOM OF THE 1ST |
Philadelphia 1776 BC batting - Pitching for Seattle Aviators : RHP Esteban Costello
|
Pitching: RHP Esteban Costello
|
|
Batting: RHB Yuji Ine
|
0-0: Ball 1-0: Ball 2-0: Foul Ball, location: 2F 2-1: Ball 3-1: Called Strike 3-2: Foul Ball, location: 2F 3-2: Base on Balls
|
Batting: RHB Brian O'Brian
|
0-0: Ball 1-0: Foul Ball, location: 2F 1-1: Called Strike 1-2: Ball 2-2: Fly out, F9 (Flyball, 9LM)
|
Batting: LHB Sébastien Rolland
|
0-0: Called Strike 0-1: Ball 1-1: Ball 2-1: Fielders Choice at 2nd, 3-6 (Groundball, 3)
|
Batting: RHB Lúcio Montoya
|
0-0: Ball 1-0: Ground out 4-3 (Groundball, 4)
|
Bottom of the 1st over - 0 run(s), 0 hit(s), 0 error(s), 1 left on base; Seattle 1 - Philadelphia 1776 0 |
TOP OF THE 2ND |
Seattle Aviators batting - Pitching for Philadelphia 1776 BC : RHP Gonçalo Conxacha
|
Batting: RHB Vernon Caw
|
0-0: Fly out, F5 (Line Drive, 56)
|
Batting: RHB Lane Rich
|
0-0: Called Strike 0-1: Ball 1-1: Called Strike 1-2: Ground out 1-3 (Groundball, 23)
|
Batting: RHB Clarence Fox
|
0-0: Ball 1-0: Ball 2-0: Ball 3-0: Called Strike 3-1: Base on Balls
|
Batting: SHB Ernest Miller
|
0-0: Ball 1-0: Called Strike 1-1: Ball 2-1: SINGLE (Groundball, 4MD) Clarence Fox to second Runner from 2nd tries for 3rd, SAFE, no throw or cutoff
|
Batting: RHB Esteban Costello
|
0-0: SINGLE (Line Drive, 34D) Clarence Fox scores Ernest Miller to second Runner from 2nd tries for 3rd, OUT!
|
Top of the 2nd over - 1 run(s), 2 hit(s), 0 error(s), 1 left on base; Seattle 2 - Philadelphia 1776 0 |
BOTTOM OF THE 2ND |
Philadelphia 1776 BC batting - Pitching for Seattle Aviators : RHP Esteban Costello
|
Batting: LHB Manuel García
|
0-0: Swinging Strike 0-1: Foul Ball, location: 2F 0-2: Ball 1-2: Ball 2-2: Foul Ball, location: 2F 2-2: Fly out, F3 (Popup, 3SF)
|
Batting: RHB Gil Moore
|
0-0: Ball 1-0: Ball 2-0: SINGLE (Groundball, 6M)
|
Batting: RHB Jesús Orozco
|
0-0: Foul Ball, location: 2F 0-1: Fly out, F9 (Line Drive, 89M)
|
Batting: RHB Manny Hernández
|
0-0: Ball 1-0: Called Strike 1-1: Ball 2-1: Ball 3-1: Called Strike 3-2: Ground out 5-3 (Groundball, 6)
|
Bottom of the 2nd over - 0 run(s), 1 hit(s), 0 error(s), 1 left on base; Seattle 2 - Philadelphia 1776 0 |
TOP OF THE 3RD |
Seattle Aviators batting - Pitching for Philadelphia 1776 BC : RHP Gonçalo Conxacha
|
Batting: RHB Lindsay Stewart
|
0-0: Called Strike 0-1: Fly out, F7 (Flyball, 7M)
|
Batting: RHB José Lozano
|
0-0: Foul Ball, location: 2F 0-1: Swinging Strike 0-2: Fly out, F9 (Line Drive, 9M)
|
Batting: RHB Brian Williams
|
0-0: Ball 1-0: Fly out, F9 (Flyball, 9M)
|
Top of the 3rd over - 0 run(s), 0 hit(s), 0 error(s), 0 left on base; Seattle 2 - Philadelphia 1776 0 |
BOTTOM OF THE 3RD |
Philadelphia 1776 BC batting - Pitching for Seattle Aviators : RHP Esteban Costello
|
Batting: RHB Gonçalo Conxacha
|
0-0: Called Strike 0-1: Fly out, F8 (Flyball, 8RM)
|
Batting: RHB Yuji Ine
|
0-0: Ground out 1-3 (Groundball, 13)
|
Batting: RHB Brian O'Brian
|
0-0: Ball 1-0: Called Strike 1-1: Called Strike 1-2: Ball 2-2: Ground out 3-1 (Groundball, 34S)
|
Bottom of the 3rd over - 0 run(s), 0 hit(s), 0 error(s), 0 left on base; Seattle 2 - Philadelphia 1776 0 |
TOP OF THE 4TH |
Seattle Aviators batting - Pitching for Philadelphia 1776 BC : RHP Gonçalo Conxacha
|
Batting: RHB Craig Stewart
|
0-0: Called Strike 0-1: Ground out 2-3 (Groundball, 2R)
|
Batting: RHB Vernon Caw
|
0-0: Ball 1-0: Ball 2-0: SINGLE (Line Drive, 34)
|
Batting: RHB Lane Rich
|
0-0: Called Strike 0-1: Ball 1-1: Foul Ball, location: 2F 1-2: Ground out 5-3 (Groundball, 5S) Vernon Caw to second
|
Batting: RHB Clarence Fox
|
0-0: Ball 1-0: Ground out 5-3 (Groundball, 56)
|
Top of the 4th over - 0 run(s), 1 hit(s), 0 error(s), 1 left on base; Seattle 2 - Philadelphia 1776 0 |
BOTTOM OF THE 4TH |
Philadelphia 1776 BC batting - Pitching for Seattle Aviators : RHP Esteban Costello
|
Batting: LHB Sébastien Rolland
|
0-0: Ground out 1-3 (Groundball, 13)
|
Batting: RHB Lúcio Montoya
|
0-0: Ground out 5-3 (Groundball, 15S)
|
Batting: LHB Manuel García
|
0-0: Called Strike 0-1: Fly out, F9 (Flyball, 89M)
|
Bottom of the 4th over - 0 run(s), 0 hit(s), 0 error(s), 0 left on base; Seattle 2 - Philadelphia 1776 0 |
TOP OF THE 5TH |
Seattle Aviators batting - Pitching for Philadelphia 1776 BC : RHP Gonçalo Conxacha
|
Batting: SHB Ernest Miller
|
0-0: Called Strike 0-1: Ground out 4-3 (Groundball, 4)
|
Batting: RHB Esteban Costello
|
0-0: Ball 1-0: Swinging Strike 1-1: Ball 2-1: Fly out, F4 (Popup, 6MS)
|
Batting: RHB Lindsay Stewart
|
0-0: Called Strike 0-1: Ball 1-1: Ball 2-1: Ball 3-1: Called Strike 3-2: Foul Ball, location: 2F 3-2: SINGLE (Groundball, 6MD) (infield hit)
|
Batting: RHB José Lozano
|
0-0: Called Strike 0-1: Foul Ball, location: 2F 0-2: Ball 1-2: Ball 2-2: SINGLE (Line Drive, 7S) Lindsay Stewart to second
|
Batting: RHB Brian Williams
|
0-0: Ball 1-0: Ball 2-0: SINGLE (Line Drive, 7S) Lindsay Stewart to third José Lozano to second Runner from 3rd tries for Home, SAFE, no throw or cutoff
|
Batting: RHB Craig Stewart
|
0-0: Ball 1-0: Swinging Strike 1-1: Foul Ball, location: 2F 1-2: Ball 2-2: Foul Ball, location: 2F 2-2: Ball 3-2: SINGLE (Line Drive, 4D) José Lozano to third Brian Williams to second José Lozano scores Brian Williams to third
|
Batting: RHB Vernon Caw
|
0-0: Ball 1-0: SINGLE (Groundball, 56D) Brian Williams scores Craig Stewart to second
|
Batting: RHB Lane Rich
|
0-0: Ball 1-0: Ball 2-0: Foul Ball, location: 2F 2-1: Ball 3-1: Fly out, F9 (Flyball, 9M)
|
Top of the 5th over - 3 run(s), 5 hit(s), 0 error(s), 2 left on base; Seattle 5 - Philadelphia 1776 0 |
BOTTOM OF THE 5TH |
Philadelphia 1776 BC batting - Pitching for Seattle Aviators : RHP Esteban Costello
|
Batting: RHB Gil Moore
|
0-0: Ball 1-0: Ball 2-0: Foul Ball, location: 2F 2-1: Foul Ball, location: 2F 2-2: Ball 3-2: Base on Balls
|
Batting: RHB Jesús Orozco
|
0-0: Fly out, F9 (Flyball, 9M)
|
Batting: RHB Manny Hernández
|
0-0: Called Strike 0-1: Foul Ball, location: 2F 0-2: Strikes out swinging
|
Batting: RHB Gonçalo Conxacha
|
0-0: Called Strike 0-1: Fly out, F8 (Flyball, 8RM)
|
Bottom of the 5th over - 0 run(s), 0 hit(s), 0 error(s), 1 left on base; Seattle 5 - Philadelphia 1776 0 |
TOP OF THE 6TH |
Seattle Aviators batting - Pitching for Philadelphia 1776 BC : RHP Gonçalo Conxacha
|
Batting: RHB Clarence Fox
|
0-0: Ball 1-0: Called Strike 1-1: DOUBLE (Line Drive, 5)
|
Batting: SHB Ernest Miller
|
0-0: Called Strike 0-1: Ball 1-1: Ball 2-1: Ground out 4-3 (Groundball, 4M) Clarence Fox to third
|
Batting: RHB Esteban Costello
|
0-0: Called Strike 0-1: Fly out, F6 (Popup, 5D)
|
Batting: RHB Lindsay Stewart
|
0-0: Ball 1-0: Ground out 6-3 (Groundball, 6)
|
Top of the 6th over - 0 run(s), 1 hit(s), 0 error(s), 1 left on base; Seattle 5 - Philadelphia 1776 0 |
BOTTOM OF THE 6TH |
Philadelphia 1776 BC batting - Pitching for Seattle Aviators : RHP Esteban Costello
|
Batting: RHB Yuji Ine
|
0-0: Ball 1-0: Ball 2-0: Swinging Strike 2-1: SINGLE (Flyball, 7LS)
|
Batting: RHB Brian O'Brian
|
0-0: SINGLE (Line Drive, 6D) Yuji Ine to second
|
Batting: LHB Sébastien Rolland
|
0-0: Called Strike 0-1: SINGLE (Line Drive, 7LS) Yuji Ine to third Brian O'Brian to second
|
Batting: RHB Lúcio Montoya
|
0-0: Ball 1-0: Called Strike 1-1: Foul Ball, location: 2F 1-2: Ball 2-2: SINGLE (Groundball, 6MD) Yuji Ine scores Brian O'Brian to third Sébastien Rolland to second
|
Batting: LHB Manuel García
|
0-0: DOUBLE (Flyball, 78M) Brian O'Brian scores Sébastien Rolland scores Lúcio Montoya to third
|
Batting: RHB Gil Moore
|
0-0: Ball 1-0: Fly out, F6 (Popup, 56D)
|
Pitching: RHP Larry Lee
|
|
Batting: RHB Jesús Orozco
|
0-0: Swinging Strike 0-1: Swinging Strike 0-2: Foul Ball, location: 2F 0-2: Ball 1-2: Ball 2-2: Ball 3-2: Foul Ball, location: 2F 3-2: Fly out, F3 (Popup, 9LS)
|
Batting: RHB Manny Hernández
|
0-0: Intentional Walk
|
Batting: RHB Gonçalo Conxacha
|
0-0: Ball 1-0: Swinging Strike 1-1: Ball 2-1: Ball 3-1: Foul Ball, location: 2F 3-2: Fly out, F6 (Popup, 5D)
|
Bottom of the 6th over - 3 run(s), 5 hit(s), 0 error(s), 3 left on base; Seattle 5 - Philadelphia 1776 3 |
TOP OF THE 7TH |
Seattle Aviators batting - Pitching for Philadelphia 1776 BC : RHP Gonçalo Conxacha
|
Batting: RHB José Lozano
|
0-0: Foul Ball, location: 2F 0-1: Foul Ball, location: 2F 0-2: Ball 1-2: Fly out, F8 (Flyball, 8RM)
|
Batting: RHB Brian Williams
|
0-0: Swinging Strike 0-1: Called Strike 0-2: Ball 1-2: Ball 2-2: Strikes out swinging
|
Batting: RHB Craig Stewart
|
0-0: Ball 1-0: Called Strike 1-1: Foul Ball, location: 2F 1-2: Ground out 5-3 (Groundball, 5S)
|
Top of the 7th over - 0 run(s), 0 hit(s), 0 error(s), 0 left on base; Seattle 5 - Philadelphia 1776 3 |
BOTTOM OF THE 7TH |
Philadelphia 1776 BC batting - Pitching for Seattle Aviators : RHP Larry Lee
|
Batting: RHB Yuji Ine
|
0-0: Ball 1-0: Ball 2-0: Called Strike 2-1: Ball 3-1: Foul Ball, location: 2F 3-2: Base on Balls
|
Pinch Runner at 1st Ryan Simpson:
|
|
Batting: RHB Brian O'Brian
|
0-0: Ball 1-0: Foul Ball, location: 2F 1-1: Ball 2-1: Foul Ball, location: 2F 2-2: Foul Ball, location: 2F 2-2: Foul Ball, location: 2F 2-2: Grounds into double play, 4-6-3 (Groundball, 4)
|
Batting: LHB Sébastien Rolland
|
0-0: Ball 1-0: Ball 2-0: Ball 3-0: Called Strike 3-1: Base on Balls
|
Batting: RHB Lúcio Montoya
|
0-0: Ball 1-0: Fly out, F4 (Line Drive, 4)
|
Bottom of the 7th over - 0 run(s), 0 hit(s), 0 error(s), 1 left on base; Seattle 5 - Philadelphia 1776 3 |
TOP OF THE 8TH |
Seattle Aviators batting - Pitching for Philadelphia 1776 BC : RHP Gonçalo Conxacha
|
Now in RF: Ryan Simpson
|
|
Batting: RHB Vernon Caw
|
0-0: Swinging Strike 0-1: SINGLE (Line Drive, 78M)
|
Batting: RHB Lane Rich
|
0-0: Swinging Strike 0-1: Foul Ball, location: 2F 0-2: Foul Ball, location: 2F 0-2: Ball 1-2: Ball 2-2: Ball 3-2: Foul Ball, location: 2F 3-2: Foul Ball, location: 2F 3-2: Base on Balls Vernon Caw to second
|
Pinch Hitting: LHB En-lai Gao
|
0-0: Called Strike 0-1: Ball 1-1: Ball 2-1: Called Strike 2-2: Strikes out looking
|
Pinch Hitting: RHB Tanyu Kimura
|
0-0: Swinging Strike 0-1: Called Strike 0-2: Ball 1-2: Ball 2-2: Foul Ball, location: 2F 2-2: Fly out, F9 (Flyball, 89S)
|
Pinch Hitting: RHB Lawrence Bell
|
0-0: Swinging Strike 0-1: Ball 1-1: Ground out 1-3 (Groundball, 23)
|
Top of the 8th over - 0 run(s), 1 hit(s), 0 error(s), 2 left on base; Seattle 5 - Philadelphia 1776 3 |
BOTTOM OF THE 8TH |
Philadelphia 1776 BC batting - Pitching for Seattle Aviators : RHP Larry Lee
|
Pitching: RHP Carlos Trevino
|
|
Now in LF: En-lai Gao
|
|
Now in RF: Tanyu Kimura
|
|
Batting: LHB Manuel García
|
0-0: SINGLE (Flyball, 8RM)
|
Pitching: RHP Lanny Larson
|
|
Batting: RHB Gil Moore
|
0-0: Ball 1-0: Ball 2-0: Called Strike 2-1: Ball 3-1: Foul Ball, location: 2F 3-2: Base on Balls Manuel García to second
|
Batting: RHB Jesús Orozco
|
0-0: Bunted foul 0-1: Bunted foul 0-2: Fly out, F4 (Popup, 4M)
|
Batting: RHB Manny Hernández
|
0-0: Ball 1-0: Grounds into double play, 4-6-3 (Groundball, 34)
|
Bottom of the 8th over - 0 run(s), 1 hit(s), 0 error(s), 1 left on base; Seattle 5 - Philadelphia 1776 3 |
TOP OF THE 9TH |
Seattle Aviators batting - Pitching for Philadelphia 1776 BC : RHP Gonçalo Conxacha
|
Pitching: LHP Jason Dudley
|
|
Now at C: Joe Smith
|
|
Batting: RHB Lindsay Stewart
|
0-0: Called Strike 0-1: Swinging Strike 0-2: Strikes out swinging, 2-3 out at first.
|
Batting: RHB José Lozano
|
0-0: Called Strike 0-1: Ball 1-1: Ball 2-1: Foul Ball, location: 2F 2-2: Ball 3-2: Ground out 4-3 (Groundball, 4M)
|
Batting: RHB Brian Williams
|
0-0: SINGLE (Groundball, 56)
|
Batting: RHB Craig Stewart
|
Balk! Brian Williams to second 0-0: Fly out, F8 (Line Drive, 8LD)
|
Top of the 9th over - 0 run(s), 1 hit(s), 0 error(s), 1 left on base; Seattle 5 - Philadelphia 1776 3 |
BOTTOM OF THE 9TH |
Philadelphia 1776 BC batting - Pitching for Seattle Aviators : RHP Lanny Larson
|
Pitching: RHP Will Benton
|
|
Batting: RHB Joe Smith
|
0-0: SINGLE (Groundball, 56D)
|
Batting: RHB Ryan Simpson
|
0-0: Ball 1-0: SINGLE (Line Drive, 8RS) Joe Smith to second
|
Batting: RHB Brian O'Brian
|
0-0: Called Strike 0-1: Called Strike 0-2: SINGLE (Flyball, 89S) Joe Smith to third Ryan Simpson to second
|
Batting: LHB Sébastien Rolland
|
0-0: Ball 1-0: Foul Ball, location: 2F 1-1: Foul Ball, location: 2F 1-2: Fly out, F5 (Popup, 25F)
|
Batting: RHB Lúcio Montoya
|
0-0: Called Strike 0-1: Ball 1-1: Foul Ball, location: 2F 1-2: Ball 2-2: Foul Ball, location: 2F 2-2: Ball 3-2: DOUBLE (Flyball, 78D) Joe Smith scores Ryan Simpson scores Brian O'Brian to third Runner from 3rd tries for Home, SAFE, throw made home
|
|